 Dungeon Crawl Stone Soup version 0.27.1-2-g3b301248ec (webtiles) character file.

Game seed: 11818673798724698062

217 worthlessgem the Magician (level 6, 14/46 HPs)
             Began as a Djinni Hedge Wizard on Sept 27, 2021.
             Quit the game on level 4 of the Dungeon.
             The game lasted 00:18:54 (3808 turns).

worthlessgem the Magician (Djinni Hedge Wizard)     Turns: 3808, Time: 00:18:55

Health: 14/46      AC:  8    Str:  9    XL:     6   Next: 16%
Gold:   92         EV: 11    Int: 18    God:
                   SH:  0    Dex: 12

rFire    + + .     SeeInvis .   v - +0 spear
rCold    x . .     Faith    .   (no shield)
rNeg     . . .     Spirit   .   s - +0 leather armour
rPois    ∞         Reflect  .   c - +0 hat
rElec    .         Harm     .   (no cloak)
rCorr    .         Rampage  .   f - +0 pair of gloves
Will     .....                  (boots unavailable)
Stlth    ++........             (no amulet)
HPRegen  0.15/turn              p - +4 ring of protection
MPRegen  0.00/turn              (no ring)

@: flying
A: sickness immunity, fire resistance 2, cold vulnerability 1, float, innate
caster, hp casting, extra vitality 1
a: no special abilities


You were on level 4 of the Dungeon.
You visited 1 branch of the dungeon, and saw 4 of its levels.

You collected 92 gold pieces.

Inventory:

Hand Weapons
 a - a +3 dagger of venom
 v - a +0 spear (weapon)
 w - a +0 halberd
Missiles
 e - 103 stones (quivered)
 l - 26 bolts
 r - 6 poisoned darts
Armour
 b - a +0 robe
 c - a +0 hat (worn)
 f - a +0 pair of gloves (worn)
 s - a +0 leather armour (worn)
Jewellery
 p - a +4 ring of protection (left hand)
Scrolls
 g - 5 scrolls of identify {unknown}
 k - a scroll of enchant armour {unknown}
 m - a scroll of blinking {unknown}
 n - a scroll of brand weapon {unknown}
 o - a scroll of immolation {unknown}
 t - a scroll of teleportation {unknown}
 u - a scroll of vulnerability {unknown}
Potions
 d - 2 potions of lignification {unknown}
 h - a potion of cancellation {unknown}
 i - 2 potions of brilliance {unknown}
 j - 2 potions of berserk rage {unknown}
 q - 2 potions of curing {unknown}


   Skills:
 * Level 3.4 Fighting
 - Level 2.1 Dodging
 + Level 2.2 Stealth
 + Level 3.8 Spellcasting


You couldn't memorise any spells.
You knew the following spells:

 Your Spells              Type           Power      Damage    Failure   Level
a - Magic Dart            Conj           68%        1d6       4%          1
b - Blink                 Tloc           N/A        N/A       7%          2
c - Call Imp              Summ           17%        N/A       7%          2
d - Slow                  Hex            17%        N/A       7%          2
e - Conjure Flame         Conj/Fire      17%        6-21      13%         3
f - Mephitic Cloud        Conj/Pois/Air  17%        N/A       13%         3
g - Freeze                Ice            68%        1d8       4%          1
h - Wereblood             Tmut           17%        N/A       7%          2
Your spell library was empty.

Dungeon Overview and Level Annotations

Branches:
Dungeon (4/15)
 Temple: D:4-7

Altars:
Okawaru
Ru
The Shining One

Shops:
D:1 =   D:3 =

Annotations:
D:4 Eustachio


Innate Abilities, Weirdness & Mutations

You are immune to sickness and miasma.
You are immune to poison.
Your flesh is very heat resistant. (rF++)
You are vulnerable to cold. (rC-)
You float through the air rather than walking.
You learn spells naturally, not from books.
Your magical power is your life essence.
You have superior vitality. (+4 HP)


Message History

The gnoll is engulfed in noxious fumes.
The gnoll appears confused.
The gnoll is engulfed in noxious fumes.
The gnoll appears confused.
The gnoll hits the gnoll with a +0 club.
The gnoll is engulfed in noxious fumes.
The gnoll appears confused.
You reach to attack!
You hit the gnoll.
The gnoll is severely wounded.
The gnoll is engulfed in noxious fumes.
The gnoll hits the hobgoblin with a +0 club!
The hobgoblin is killed!
A gnoll comes into view. It is wielding a +0 spear.
You strike the helpless gnoll from behind!
You hit the gnoll.
You kill the gnoll!
The gnoll is engulfed in noxious fumes.
The gnoll appears confused.
Casting: Mephitic Cloud (dangerous; 13% risk of failure)
Confirm with . or Enter, or press ? or * to list all spells.
The fire begins to smoulder!
The fire ignites!
The gnoll hits you with a +0 whip.
Items here: )) [ ††.
w - a +0 halberd The gnoll hits you but does no damage.
The gnoll hits you from afar with a +0 spear.
Casting: Conjure Flame (dangerous; 13% risk of failure)
Confirm with . or Enter, or press ? or * to list all spells.
Aiming: Freeze (safe; 4% risk of failure)
Press: ? - help, Shift-Dir - straight line, f - gnoll
Aim: a gnoll, wielding a +0 whip You freeze the gnoll.
The gnoll is heavily wounded.
The gnoll hits you with a +0 whip!
The gnoll hits you from afar with a +0 spear.
Casting: Freeze (safe; 4% risk of failure)
Confirm with . or Enter, or press ? or * to list all spells.
You blink.
Eustachio gestures wildly while chanting. 2 orcs come into view.
The orc shouts!
The orc moves out of view.
Are you sure you want to abandon this character and quit the game? (Confirm with "yes".)

#...........# #.######.#### #.#
#.# #.######.#
#.##...#.#################
....@....'...'.....g†))..g......
###.###(##..r#b...g.#####.#.....
#..o..@....##.# #.#....g
+..[...b.@.##.# #.#.....
#..........##.# #.#.....
......##.####.# #.#..... .####.
#.# #.# #.#.###. . ...
#.#####.#..... ## ##..
.............. #. ..####..#...#.
#. #..#..... #..#.....


You could see Eustachio, 2 gnolls, an orc, a quokka (summoned) and 2 bats.

Vanquished Creatures
  A scorpion (D:3)
  A gnoll shaman (D:4)
  7 gnolls
  A worm (D:3)
  3 dart slugs
  An orc (D:3)
  6 ball pythons
  5 endoplasms
  2 giant cockroaches (D:1)
  5 hobgoblins
  7 jackals
  2 quokkas
  2 frilled lizards
  4 goblins
  10 kobolds
  3 rats
60 creatures vanquished.

Vanquished Creatures (collateral kills)
  An endoplasm (D:2)
1 creature vanquished.

Vanquished Creatures (others)
  7 plants (D:1)
7 creatures vanquished.

Grand Total: 68 creatures vanquished

Notes
Turn   | Place    | Note
-------+----------+-------------------------------------------
     0 | D:1      | worthlessgem the Djinni Hedge Wizard began the quest for
                  | the Orb.
     0 | D:1      | Reached XP level 1. HP: 15/15 MP: 0/0
   384 | D:1      | Found Ladda's Jewellery Shop.
   438 | D:1      | Reached XP level 2. HP: 18/21 MP: 0/0
  1018 | D:1      | Reached XP level 3. HP: 12/25 MP: 0/0
  1018 | D:1      | Learned a level 1 spell: Freeze
  1807 | D:2      | Reached skill level 1 in Fighting
  2022 | D:2      | Reached XP level 4. HP: 30/32 MP: 0/0
  2230 | D:3      | Found a glowing golden altar of the Shining One.
  2265 | D:3      | Found Duojiuttuxt's Jewellery Boutique.
  2296 | D:3      | Found a sacrificial altar of Ru.
  2399 | D:3      | Found an iron altar of Okawaru.
  2901 | D:3      | Reached XP level 5. HP: 36/39 MP: 0/0
  2901 | D:3      | Learned a level 2 spell: Wereblood
  3581 | D:4      | Noticed Eustachio
  3793 | D:4      | Reached XP level 6. HP: 41/46 MP: 0/0
  3808 | D:4      | Quit the game

Illustrated notes

Levels and vault maps discovered:
D:1:      eino_arrival_druids_welcome, layout_basic, serial_shops,
          nicolae_shop_trees, minmay_pentomino_s4
D:2:      layout_rooms
D:3:      layout_loops_ring, nicolae_overflow_hidden_temple,
          nicolae_tso_swordbearing_angel, nicolae_ru_the_path_less_chosen,
          serial_shops, nicolae_shop_stone
D:4:      layout_basic, grunt_temple_overflow_gold_and_silver, uniq_eustachio

Skill      XL: |  1  2  3  4  5 |
---------------+----------------+-----
Spellcasting   | 3 |  3.8
Fighting       | 1 2 3 |  3.4
Stealth        | 2 |  2.2
Dodging        | |  2.1

Action                   |  1- 3 |  4- 6 || total
-------------------------+-------+-------++-------
Melee: Dagger            |    21 |    28 ||    49
       Whip              |     8 |       ||     8
       Spear             |       |     5 ||     5
Throw: Stone             |     2 |       ||     2
 Cast: Magic Dart        |    60 |    26 ||    86
       Freeze            |     3 |     4 ||     7
       Mephitic Cloud    |       |     7 ||     7
       Conjure Flame     |       |     7 ||     7
       Call Imp          |       |     2 ||     2
       Blink             |       |     2 ||     2
 Stab: Sleeping          |     2 |       ||     2
       Confused          |       |     2 ||     2
Armor: Robe              |    12 |     2 ||    14
       Leather armour    |       |     9 ||     9
Dodge: Dodged            |    24 |    15 ||    39
